Map: Prion Terraces

Players

MorN

  • Race: Terran Terran
  • League: Gold

SidetracK - Winner!

  • Race: Terran Terran
  • League: Gold

VOD

Have the link to the VOD?

Description

Time

  • Played on: Nov. 9, 2015, 7:50 p.m.
  • Length: 12:11
Show
View Real Time Build Order
Export as new Build Order

MorN Terran 

Build Orders:  

Get SALT Encoding   

  12  0:03  SCV  
  13  0:16  SCV  
  13  0:20  Supply Depot  
  14  0:28  SCV  
  15  0:41  Refinery  
  15  0:42  SCV  
  16  0:46  Barracks  
  16  0:54  SCV  
  17  1:06  SCV  
  18  1:19  SCV  
  20  1:38  Orbital Command  
  20  1:39  Marine  
  20  1:49  Command Center  
  20  1:55  Factory  
  20  1:58  Marine  
  21  2:04  SCV  
  22  2:17  SCV, Refinery  
  23  2:27  Supply Depot  
  23  2:30  Barracks Reactor  
  23  2:49  SCV, Starport  
  24  2:54  Factory Tech Lab  
  24  3:01  SCV, Orbital Command  
  24  3:06  Marine x2  
  22  3:24  Marine x2  
  20  3:39  Siege Tank  
  22  3:42  SCV, Marine x2  
  22  3:43  SCV  
  25  3:55  SCV x2  
  23  4:00  Marine x2  
  22  4:07  SCV x2  
  19  4:18  Marine x2  
  19  4:19  SCV  
  22  4:25  Medivac  
  22  4:30  SCV  
  22  4:31  SCV  
  25  4:42  SCV  
  25  4:43  SCV  
  27  5:03  SCV  
  27  5:04  Marine  
  27  5:05  Siege Tank, Marine  
  33  5:07  SCV  
  33  5:12  Command Center  
  34  5:15  SCV  
  34  5:17  Medivac  
  38  5:25  Orbital Command  
  38  5:27  SCV  
  38  5:29  Marine x2  
  40  5:37  Supply Depot  
  40  5:39  SCV  
  41  5:51  SCV  
  42  6:01  Siege Tank, Marine x2  
  42  6:02  Medivac  
  49  6:06  SCV  
  49  6:07  Supply Depot  
  49  6:09  SCV  
  51  6:18  SCV  
  47  6:19  Marine x2  
  47  6:24  Orbital Command  
  47  6:25  SCV  
  50  6:30  SCV  
  51  6:37  SCV  
  52  6:42  SCV  
  53  6:49  SCV  
  54  6:55  SCV  
  54  6:56  SCV  
  54  6:57  Starport Reactor  
  56  7:03  SCV  
  56  7:04  Barracks  
  56  7:06  Barracks  
  56  7:07  SCV, Barracks Tech Lab, Engineering Bay x2  
  58  7:08  SCV  
  59  7:16  SCV  
  59  7:19  SCV  
  59  7:20  SCV  
  62  7:28  SCV  
  63  7:31  SCV  
  63  7:32  SCV  
  65  7:40  SCV  
  65  7:43  SCV  
  67  7:45  SCV, Marine  
  67  7:50  Refinery x2  
  69  7:52  Terran Infantry Weapons Level 1, Terran Infantry Armor Level 1, SCV  
  69  7:54  Barracks  
  69  7:55  SCV, Barracks  
  69  7:57  SCV  
  72  8:00  Supply Depot, Marine x2  
  72  8:03  Marine  
  72  8:04  SCV  
  77  8:10  SCV  
  77  8:12  Stimpack  
  77  8:15  Supply Depot x2  
  77  8:21  Marine x4  
  77  8:22  SCV x2, Medivac  
  77  8:26  Supply Depot  
  85  8:37  Siege Tank  
  85  8:38  Supply Depot  
  85  8:39  Marine x3  
  92  8:43  Armory  
  92  8:45  Barracks Reactor  
  92  8:46  Barracks Reactor  
  91  8:48  Barracks Reactor  
  91  8:54  Medivac x2  
  91  8:55  SCV  
  96  8:57  Supply Depot, Marine x2  
  96  9:01  Orbital Command  
  98  9:06  Marine  
  99  9:12  Siege Tank  
  99  9:15  Marine x2  
  104  9:24  Medivac, Marine  
  107  9:29  SCV  
  108  9:33  Marine  
  108  9:35  Missile Turret, Marine  
  108  9:36  Marine x6  
  108  9:38  Supply Depot  
  116  9:41  Marine  
  116  9:44  Siege Tank  
  120  9:50  Marine  
  121  9:53  Marine x2  
  121  9:54  Marine x2  
  121  9:56  Supply Depot  
  121  9:59  Marine x2  
  127  10:06  SCV  
  128  10:09  Refinery  
  128  10:11  Refinery  
  128  10:12  Combat Shields  
  128  10:13  Barracks  
  128  10:14  Barracks  
  128  10:15  Marine x2  
  128  10:16  Barracks, Marine x3  
  128  10:18  Marine x2  
  135  10:23  Marine x2  
  135  10:25  Supply Depot  
  135  10:27  SCV x2  
  139  10:33  Marine  
  125  10:36  Marine  
  125  10:37  Marine x2  
  125  10:40  Medivac x2  
  125  10:42  Marauder  
  129  10:45  Marine  
  129  10:46  Marine  
  129  10:47  Marine x2  
  133  10:50  Supply Depot  
  133  11:03  Marine x3, Marauder  
  138  11:04  Barracks Reactor  
  138  11:05  Barracks Reactor  
  138  11:06  Barracks Reactor  
  136  11:13  Marine x4  
  136  11:17  Supply Depot  
  134  11:23  Command Center  
  134  11:24  Marauder  
  127  11:33  Marine x2  
  127  11:34  Marine  
  127  11:36  Siege Tank  
  128  11:41  Marine  
  128  11:42  Marine x5  
  128  11:46  Marauder  
  121  11:49  Marine x3  
  121  11:50  Marine  
  111  11:58  Supply Depot  
Show
View Real Time Build Order
Export as new Build Order

SidetracK Terran - Winner!

Build Orders: Bio Tank, MMM Bio 

Get SALT Encoding   

  12  0:00  SCV  
  13  0:13  SCV  
  14  0:19  Supply Depot  
  14  0:25  SCV  
  15  0:41  SCV  
  16  0:43  Barracks  
  16  0:46  Refinery  
  16  0:53  SCV  
  17  1:05  SCV  
  18  1:11  Barracks  
  18  1:17  SCV  
  19  1:29  Orbital Command  
  19  1:30  Reaper  
  20  1:39  Barracks  
  20  1:45  Supply Depot  
  20  1:55  SCV  
  21  2:02  Reaper  
  21  2:06  Bunker  
  21  2:08  Reaper  
  23  2:18  SCV  
  23  2:21  Supply Depot  
  24  2:27  Reaper  
  25  2:30  SCV  
  26  2:44  Reaper  
  26  2:48  SCV  
  26  2:52  Barracks  
  26  2:53  Barracks  
  26  3:00  Refinery  
  26  3:01  Reaper  
  27  3:22  Reaper  
  27  3:24  Command Center  
  27  3:36  Reaper  
  27  3:40  SCV  
  29  3:52  SCV  
  30  3:58  Reaper  
  29  4:25  Factory  
  29  4:27  SCV  
  28  4:33  Barracks Reactor  
  28  4:35  Marine  
  28  4:36  Marine x2  
  28  4:38  Marine  
  30  4:39  SCV, Orbital Command  
  30  4:45  Bunker  
  32  4:51  SCV  
  33  4:53  Marine x2  
  33  4:59  Marine x2  
  36  5:03  SCV  
  36  5:05  SCV  
  39  5:09  Factory Tech Lab  
  39  5:10  Marine x2  
  39  5:11  Marine x2  
  43  5:15  SCV, Bunker  
  43  5:17  SCV, Marine  
  43  5:19  Barracks Tech Lab  
  46  5:27  SCV  
  47  5:28  Marine  
  47  5:29  SCV  
  47  5:31  Siege Tank, Bunker  
  52  5:39  SCV  
  52  5:41  SCV  
  54  6:08  Stimpack  
  54  6:24  Command Center  
  54  6:26  Barracks Reactor  
  54  6:28  Starport  
  54  6:32  Refinery  
  54  6:33  Refinery  
  54  6:37  Engineering Bay  
  54  6:39  Engineering Bay  
  54  6:40  SCV  
  54  7:01  Supply Depot x2  
  54  7:02  Supply Depot  
  54  7:07  Terran Infantry Weapons Level 1  
  54  7:10  Terran Infantry Armor Level 1  
  54  7:16  Supply Depot x2  
  54  7:22  Marine x7  
  54  7:23  SCV x2, Siege Tank  
  66  7:35  SCV x2  
  68  7:40  Marine x3  
  68  7:41  Marauder  
  69  7:47  SCV x2, Missile Turret  
  66  7:59  SCV x2  
  65  8:11  SCV x2, Marine  
  65  8:12  Combat Shields, Marine x2  
  70  8:13  Missile Turret  
  70  8:14  Orbital Command  
  69  8:23  SCV x2  
  69  8:26  Starport Reactor  
  71  8:27  Marine x2  
  71  8:28  Marine  
  71  8:29  Marine  
  71  8:30  Marine x2  
  77  8:35  SCV x2  
  77  8:38  Missile Turret  
  79  8:41  Orbital Command  
  79  8:47  SCV  
  79  8:48  SCV  
  81  8:50  Siege Tank  
  81  8:51  Armory, Marine x4  
  81  8:52  Marauder  
  90  8:59  SCV, Missile Turret  
  90  9:00  SCV  
  90  9:02  Barracks Reactor, Medivac  
  92  9:04  Medivac  
  92  9:07  SCV  
  97  9:10  Barracks Reactor  
  97  9:11  Marine x2  
  97  9:12  SCV x2  
  101  9:19  SCV  
  101  9:23  Siege Tank  
  101  9:24  SCV  
  106  9:25  SCV  
  107  9:31  SCV  
  107  9:32  Marine x2  
  109  9:50  Terran Infantry Weapons Level 2  
  109  9:52  Medivac, Marine x6  
  117  9:59  Missile Turret  
  117  10:26  Supply Depot  
  117  10:27  Supply Depot, Medivac x2, SCV x3, Marine x9  
  133  10:28  Supply Depot  
  132  10:39  SCV x2  
  133  10:48  SCV, Marauder, Siege Tank, Marine x8  
  147  10:51  SCV  
  148  11:00  SCV  
  149  11:05  Marine x3  
  149  11:07  Barracks  
  149  11:08  Barracks  
  149  11:10  Marine x2, Marauder  
  156  11:31  Marauder  
  148  11:37  Marine  
  148  11:38  Marine x7  
  156  11:54  Barracks  
  156  11:56  Barracks  
  157  12:06  Command Center  
Tags
 
Composition
Bio TankMMM Bio
League
GoldGold
Matchup
TvT
Race
Terran
Replay Pack
MorN pack 1
Add a new tag
Caveats
  • Supply blocks, unpowered buildings, or Contaminate may cause inaccurate times.
  • Supply counts are checked every 10 seconds.